 Dungeon Crawl Stone Soup version 0.27-a0-1595-g0b823d0a13 (webtiles) character file.

Game seed: 13308224495729890590

560 robertstho the Agent of Entropy (level 7, -13/55 HPs)
             Began as a Demonspawn Abyssal Knight on July 20, 2021.
             Was a Priest of Lugonu.
             Killed from afar by a steam dragon (24 damage)
             ... with a ball of steam
             ... on level 5 of the Dungeon.
             The game lasted 00:08:17 (6721 turns).

robertstho the Agent of Entropy (DsAK)              Turns: 6721, Time: 00:08:18

Health: -13/55     AC: 12    Str: 15    XL:     7   Next: 9%
Magic:  10/10      EV: 12    Int: 19    God:    Lugonu [***...]
Gold:   117        SH:  0    Dex: 12    Spells: 6/6 levels left

rFire    . . .     SeeInvis .   l - +2 falchion (protect)
rCold    . . .     Faith    .   (no shield)
rNeg     . . .     Spirit   .   b - +0 chain mail
rPois    +         Reflect  .   (helmet restricted)
rElec    .         Harm     .   (no cloak)
rCorr    .         Rampage  .   e - +2 pair of gloves
Will     .....                  (no boots)
Stlth    ..........             (no amulet)
HPRegen  0.18/turn              i - +6 ring of intelligence
MPRegen  0.12/turn              (no ring)

@: brilliant, agile
A: antennae 1, powered by pain 2, poison resistance, wild magic 1, MP-powered
wands
a: Renounce Religion, Depart the Abyss, Bend Space, Banish


You were on level 5 of the Dungeon.
You worshipped Lugonu.
Lugonu was most pleased with you.
You visited 1 branch of the dungeon, and saw 5 of its levels.
You visited the Abyss 1 time.
You also visited: Sewer.

You collected 145 gold pieces.
You spent 28 gold pieces at shops.

Inventory:

Hand Weapons
 l - a +2 falchion of protection (weapon)
Armour
 b - a +0 chain mail (worn)
 e - a +2 pair of gloves (worn)
Jewellery
 i - a +6 ring of intelligence (left hand)
Scrolls
 a - a scroll of fear {unknown}
 d - 2 scrolls of teleportation {unknown}
 f - a scroll of blinking
 g - a scroll of immolation
 h - a scroll of holy word
Potions
 c - a potion of flight {unknown}
 j - 4 potions of cancellation {unknown}
 k - a potion of mutation


   Skills:
 * Level 4.5 Fighting
 + Level 3.8 Long Blades
 * Level 4.1 Armour
 + Level 1.8 Dodging
 * Level 4.6 Invocations


You had 6 spell levels left.
You didn't know any spells.
Your spell library contained the following spells:

 Spells                   Type           Power      Damage    Failure   Level
 Foxfire                  Conj/Fire      0%         2x1d4     99%         1
 Magic Dart               Conj           0%         1d3       99%         1
 Call Imp                 Summ           0%         N/A       100%        2
 Conjure Flame            Conj/Fire      0%         6-21      100%        3
 Inner Flame              Hex/Fire       0%         N/A       100%        3
 Mephitic Cloud           Conj/Pois/Air  0%         N/A       100%        3


Dungeon Overview and Level Annotations

Branches:
Dungeon (5/15)              Sewer (visited)
 Temple: D:4-7

Altars:
Trog

Shops:
D:1 ?*((   D:5 *


Innate Abilities, Weirdness & Mutations

You have a pair of small antennae on your head.
You sometimes gain power by taking damage.
Your system is resistant to poisons. (rPois)
Your spells are a little harder to cast, but a little more powerful.
You expend magic power (3 MP) to strengthen your wands.


Message History

The steam dragon bites you but does no damage.
The steam dragon closely misses you.
You hit the steam dragon.
The steam dragon is moderately wounded.
The steam dragon bites you but does no damage.
The steam dragon claws you.
You hit the steam dragon.
The steam dragon is heavily wounded.
The steam dragon bites you but does no damage.
The steam dragon claws you but does no damage.
You hit the steam dragon.
The steam dragon is heavily wounded.
The steam dragon breathes steam at you. The ball of steam hits you!
* * * LOW HITPOINT WARNING * * *
You hit the steam dragon.
The steam dragon is heavily wounded.
You are engulfed in a cloud of scalding steam.
* * * LOW HITPOINT WARNING * * *
The steam dragon bites you.
* * * LOW HITPOINT WARNING * * *
The steam dragon claws you.
* * * LOW HITPOINT WARNING * * *
The steam dragon bites you but does no damage.
The steam dragon barely misses you.
You feel better.
The steam dragon bites you but does no damage.
The steam dragon claws you.
* * * LOW HITPOINT WARNING * * *
You aren't carrying any items that you can evoke.
It was a potion of brilliance.
You feel clever all of a sudden.
The steam dragon bites you but does no damage.
The steam dragon claws you but does no damage.
It was a potion of mutation.
You feel extremely strange.
You feel your magical essence link to the dungeon's wands.
You feel less in control of your magic.
You feel resistant to poisons. The steam dragon breathes steam at you.
The ball of steam hits you!!
You die...

............#
............###
..............###
####'####+###...##
#§.....§.......#
#.≈.≈≈≈§≈≈§≈§≈.#
##.§.≈§§§....§≈.#
#..≈.≈.§§≈≈≈§.≈.#
#..≈.≈.≈....§§≈@#
#..§.≈§≈.≈≈§§.D.#
##..§.§.≈.∩≈§§§≈§#
....≈.§§§≈≈≈§≈.§.#
##..≈.≈§§$...≈.≈.#
#..≈.≈≈≈§§§≈≈.≈.#
##.≈....§.....§.#
#.§≈≈≈≈≈≈≈≈≈§≈.#
#.......§§§....#


You could see a steam dragon (catching breath).

Vanquished Creatures
  Menkaure (D:4)
  An ogre (D:4)
  A hound (D:4)
  A jelly (D:5)
  4 orc wizards
  A hound skeleton (D:4)
  11 adders
  2 river rats (D:3)
  2 worms
  A dart slug (D:1)
  11 orcs
  7 endoplasms
  3 giant cockroaches
  10 goblins
  5 hobgoblins
  22 jackals
  3 quokkas
  13 ball pythons
  5 bats
  6 frilled lizards
  6 kobolds
  8 rats
124 creatures vanquished.

Vanquished Creatures (others)
  8 plants (Sewer)
8 creatures vanquished.

Grand Total: 132 creatures vanquished

Notes
Turn   | Place    | Note
-------+----------+-------------------------------------------
     0 | Abyss:1  | robertstho the Demonspawn Abyssal Knight began the quest
                  | for the Orb.
     0 | Abyss:1  | Reached XP level 1. HP: 18/18 MP: 2/2
    49 | Abyss:1  | Noticed a large abomination
    78 | D:1      | Escaped the Abyss
   280 | D:1      | Reached skill level 1 in Dodging
   295 | D:1      | Found Piovesch's Magic Scroll Shop.
   511 | D:1      | Gained mutation: You sometimes gain a little power by
                  | taking damage. [demonic ancestry]
   511 | D:1      | Reached XP level 2. HP: 24/24 MP: 3/3
   513 | D:1      | Found Ucwuo's Antique Weapon Emporium.
   538 | D:1      | Reached * piety under Lugonu
   687 | D:1      | Found Giutatet's General Store.
  1132 | D:1      | Found Kily's Antique Weapon Shop.
  1151 | D:1      | Reached XP level 3. HP: 18/29 MP: 5/5
  1361 | D:1      | Found a faded altar of an unknown god.
  1566 | D:1      | Bought a scroll of identify for 28 gold pieces
  2389 | D:2      | Reached XP level 4. HP: 24/33 MP: 6/6
  2808 | D:3      | Reached ** piety under Lugonu
  2836 | D:3      | Found a bloodstained altar of Trog.
  3166 | D:3      | Gained mutation: You sometimes gain power by taking damage.
                  | [demonic ancestry]
  3166 | D:3      | Reached XP level 5. HP: 15/42 MP: 7/7
  3213 | D:3      | Found a glowing drain.
  3220 | Sewer    | Entered a sewer
  3887 | Sewer    | Reached *** piety under Lugonu
  4651 | D:3      | Noticed an ogre
  5571 | D:4      | Gained mutation: You have a pair of small antennae on your
                  | head. [demonic ancestry]
  5571 | D:4      | Reached XP level 6. HP: 18/48 MP: 9/9
  5856 | D:4      | Noticed Menkaure
  5868 | D:4      | Killed Menkaure
  6391 | D:4      | Reached XP level 7. HP: 54/55 MP: 10/10
  6541 | D:5      | Entered Level 5 of the Dungeon
  6673 | D:5      | Found Gucroog's General Store.
  6698 | D:5      | Noticed a steam dragon
  6721 | D:5      | Gained mutation: You expend magic power (3 MP) to
                  | strengthen your wands. [potion of mutation]
  6721 | D:5      | Gained mutation: Your spells are a little harder to cast,
                  | but a little more powerful. [potion of mutation]
  6721 | D:5      | Gained mutation: Your system is resistant to poisons.
                  | (rPois) [potion of mutation]
  6721 | D:5      | Killed from afar by a steam dragon

Illustrated notes

Levels and vault maps discovered:
D:1:      roderic_dead_forest, layout_rooms,
          hellmonk_ecumenical_altar_prayer_group, serial_shops,
          nicolae_shop_behind_doors, shop, nicolae_diamond_shop, shop,
          bh_walls_and_bars
D:2:      layout_basic, grunt_ministairs_14
D:3:      layout_basic, bloody_trog, lightli_sewer_entry_pipes
D:4:      layout_loops_corners, uniq_menkaure
D:5:      layout_basic, marbit_many_paths, minmay_temple_entry_sparse_star,
          serial_shops, nicolae_inconvenience_store

Skill      XL: |  1  2  3  4  5  6  7 |
---------------+----------------------+-----
Dodging        | 1 |  1.8
Armour         | 2 3 4 |  4.1
Long Blades    | 2 3 |  3.8
Invocations    | 3 4 |  4.6
Fighting       | 4 |  4.5

Action                   |  1- 3 |  4- 6 |  7- 9 || total
-------------------------+-------+-------+-------++-------
Melee: Falchion          |   141 |   405 |    22 ||   568
Invok: Depart the Abyss  |     1 |       |       ||     1
  Use: Scroll            |     2 |     3 |       ||     5
       Potion            |       |     7 |     3 ||    10
Armor: Leather armour    |    58 |       |       ||    58
       Chain mail        |     6 |   302 |    29 ||   337
       Scale mail        |     1 |       |       ||     1
Dodge: Dodged            |   104 |   142 |     8 ||   254
       Rpst.: Falchion   |    40 |    40 |     1 ||    81

Table legend: (Time is in decaauts)
 A = Elapsed time spent in this place.
 B = Non-inter-level travel time spent in this place.
 C = Inter-level travel time spent in this place.
 D = Time resting spent in this place.
 E = Time spent auto-exploring this place.
 F = Levels seen in this place.
 G = Mean time per level.
                   A        B        C        D        E       F      G
               +--------+--------+--------+--------+--------+-----+--------+
         Total |   6960 |   6782 |    178 |    323 |   5190 |   7 |  994.3 |
       Dungeon |   5648 |   5470 |    178 |    169 |   4280 |   5 | 1129.6 |
         Abyss |     78 |     78 |      0 |      0 |     49 |   1 |   78.0 |
         Sewer |   1234 |   1234 |      0 |    153 |    861 |   1 | 1234.0 |
               +--------+--------+--------+--------+--------+-----+--------+

Top non-repeatable levels by time:
     D:1: 1498 daAuts
     D:2: 1389 daAuts
     D:4: 1301 daAuts
     D:3: 1277 daAuts
   Sewer: 1234 daAuts
     D:5: 182 daAuts
 Abyss:1: 78 daAuts
